 Dungeon Crawl Stone Soup version bcrawl-1.17.3 (webtiles) character file.

Game seed: 2062730124596090280

739 pheathergobbo575 the Conjurer (level 7, -14/52 HPs)
             Began as a Barachi Conjurer on Oct 20, 2019.
             Shot with an arrow by a centaur (16 damage)
             ... on level 5 of the Dungeon.
             The game lasted 00:13:02 (5654 turns).

pheathergobbo575 the Conjurer (Barachi Conjurer)    Turns: 5654, Time: 00:13:02

Health: -14/52     AC:  7    Str:  8 (9)  XL:     7   Next: 75%
Magic:  22/22      EV: 10    Int: 15 (18) God:
Gold:   309        SH:  0    Dex:  9 (12) Spells: 4/14 levels left

rFire    . . .     SeeInvis .   f - +1 spear
rCold    . . .     Gourm    .   (no shield)
rNeg     . . .     Faith    .   i - +0 ring mail
rPois    .         Spirit   .   (no helmet)
rElec    .         Reflect  .   (no cloak)
rCorr    .         Harm     .   s - +0 pair of gloves
MR       .....                  l - +0 pair of boots
Stlth    +.........             (no amulet)
HPRegen  0.17/turn              r - ring of magical power
MPRegen  0.18/turn              (no ring)

@: can't hop, berserk cooldown, hasted and slowed, slow
A: +LOS, swims, slowness 1, strong legs 1
a: Hop


You were on level 5 of the Dungeon.
You were not hungry.

You visited 1 branch of the dungeon, and saw 5 of its levels.

You collected 309 gold pieces.

Inventory:

Hand Weapons
 f - a +1 spear (weapon)
Armour
 a - a +1 large shield
 i - a +0 ring mail (worn)
 l - a +0 pair of boots (worn)
 s - a +0 pair of gloves (worn)
Jewellery
 r - a ring of magical power (left hand)
Scrolls
 b - 3 scrolls of remove curse
 e - a scroll of identify
 j - 2 scrolls of noise
 p - a scroll of enchant weapon
Potions
 c - a potion of magic
 g - a potion of might
 h - a potion of mutation
 q - a potion of brilliance {unknown}
 t - a potion of curing {unknown}
Comestibles
 d - 8 rations {!d}


   Skills:
 * Level 3.3 Fighting
 + Level 1.1 Polearms
 - Level 1.3 Armour
 + Level 3.0 Dodging
 - Level 2.0 Stealth
 * Level 2.4 Shields
 + Level 4.3 Spellcasting
 * Level 7.5 Conjurations


You had 4 spell levels left.
You knew the following spells:

 Your Spells              Type           Power        Failure   Level  Hunger
a - Iskenderun's Mystic   Conj           ####....     7%          3    ###....
b - Searing Ray           Conj           ####..       3%          2    ##.....
c - Fulminant Prism       Conj/Hex       ##........   73%         4    ####...
A - Magic Dart            Conj           ####         2%          1    None

Your spell library contained the following spells:

 Spells                   Type           Power        Failure   Level  Hunger
 Dazzling Spray           Conj/Hex       ##....       32%         3    ###....
 Confuse                  Hex            #.......     83%         3    ###....
 Petrify                  Tmut/Erth      #.......     99%         4    ####...
 Yara's Violent Unravell  Hex/Tmut       #.........   99%         4    ####...
 Irradiate                Conj/Tmut      ##........   97%         5    ######.
 Metabolic Englaciation   Hex/Ice        #.........   100%        5    ######.
 Mana Rupture             Conj/Hex       ##........   100%        7    #######


Dungeon Overview and Level Annotations

Branches:
Dungeon (5/12)
 Temple: D:4-7

Altars:


Innate Abilities, Weirdness & Mutations

Shadows flee at your approach. (+LOS)
You can swim through water.
You cover ground slowly.
You can hop short distances.


Message History

It was a potion of berserk rage.
A red film seems to cover your vision as you go berserk!
You feel yourself moving faster!
You feel mighty!
The centaur shoots an arrow.
The arrow hits you.
* * * LOW HITPOINT WARNING * * *
You feel a strong urge to attack something.
You feel your anger nearly subside.
You are no longer berserk.
You are exhausted.
You feel yourself slow down.
It was a potion of haste.
You feel yourself speed up.
The centaur shoots an arrow.
The arrow hits you but does no damage.
The centaur shoots an arrow.
The arrow barely misses you.
The centaur shoots an arrow.
The arrow hits you!
* * * LOW HITPOINT WARNING * * *
It was a potion of degeneration.
There was something very wrong with that liquid.
You feel weakened.
You feel dopey.
You feel clumsy.
The centaur shoots an arrow.
The arrow hits you!
You die...

#####....#...#####
........Kc.......#
#####...##...###K#
##.####.## #.# ###
#)# #c# #.# #.#
..# #.# ### #.#
#@# #.# #.# #.#
#.# #.# #.# #.###
#....


You could see a big kobold and a centaur.

Vanquished Creatures
  Purgy (D:4)
  A sky beast (D:1)
  A phantom (D:4)
  4 orc wizards (D:3)
  Crazy Yiuf (D:3)
  3 worker ants
  11 gnolls
  4 adders
  2 river rats (D:4)
  An ooze (D:4)
  2 worms
  2 dart slugs (D:3)
  A leopard gecko (D:1)
  7 orcs
  A giant cockroach (D:2)
  8 goblins
  12 hobgoblins
  4 jackals (D:4)
  4 quokkas
  2 ball pythons
  4 bats
  2 frilled lizards
  5 kobolds
  6 rats
89 creatures vanquished.

Notes
Turn   | Place    | Note
-------+----------+-------------------------------------------
     0 | D:1      | pheathergobbo575 the Barachi Conjurer began the quest for
                  | the Orb.
     0 | D:1      | Reached XP level 1. HP: 13/13 MP: 3/3
   282 | D:1      | Reached XP level 2. HP: 20/20 MP: 3/5
   672 | D:2      | Reached skill level 5 in Conjurations
   767 | D:1      | HP: 1/20 [gnoll (3)]
   782 | D:2      | Noticed a sky beast
   795 | D:1      | Reached XP level 3. HP: 4/25 MP: 0/6
  1103 | D:1      | Reached skill level 1 in Fighting
  1464 | D:1      | Killed a sky beast
  1464 | D:1      | Reached skill level 1 in Armour
  1464 | D:1      | Reached skill level 6 in Conjurations
  1464 | D:1      | Reached XP level 4. HP: 5/33 MP: 0/8
  1464 | D:1      | Reached XP level 5. HP: 6/38 MP: 0/9
  2137 | D:2      | Learned a level 3 spell: Iskenderun's Mystic Blast
  2140 | D:2      | Learned a level 2 spell: Searing Ray
  2145 | D:2      | Learned a level 4 spell: Fulminant Prism
  2664 | D:3      | Reached XP level 6. HP: 15/44 MP: 1/10
  2852 | D:3      | Reached skill level 1 in Shields
  3122 | D:3      | Found a runed door.
  3126 | D:3      | Noticed Crazy Yiuf
  3136 | D:3      | Killed Crazy Yiuf
  3961 | D:3      | Reached XP level 7. HP: 51/51 MP: 2/12
  4353 | D:4      | Reached skill level 7 in Conjurations
  4526 | D:4      | Noticed a troll
  4653 | D:4      | Noticed Purgy
  4847 | D:4      | Reached skill level 1 in Polearms
  4869 | D:4      | Killed Purgy
  5525 | D:5      | Entered Level 5 of the Dungeon
  5653 | D:5      | HP: 2/52 [centaur/arrow (7)]
  5654 | D:5      | Shot with an arrow by a centaur

Skill      XL: |  1  2  3  4  5  6  7 |
---------------+----------------------+-----
Conjurations   | 5 6 7 |  7.5
Fighting       | 1 2 3 |  3.3
Armour         | 1 |  1.3
Spellcasting   | 3 4 |  4.3
Shields        | 1 2 |  2.4
Polearms       | 1 |  1.1
Dodging        | 3 |  3.0
Stealth        | |  2.0

Action                   |  1- 3 |  4- 6 |  7- 9 || total
-------------------------+-------+-------+-------++-------
Melee: Unarmed           |    10 |       |       ||    10
       Spear             |    27 |    34 |    25 ||    86
 Cast: Magic Dart        |    43 |   118 |    87 ||   248
       Iskenderun's Myst |       |     9 |     6 ||    15
       Searing Ray       |       |     1 |     1 ||     2
 Abil: Hop               |     2 |     3 |     5 ||    10
  Use: Potion            |       |     1 |     3 ||     4
       Scroll            |       |       |     9 ||     9
  Eat: Chunk             |     3 |     9 |     6 ||    18
Armor: Robe              |     2 |       |       ||     2
       Ring mail         |    14 |    32 |    57 ||   103
Dodge: Dodged            |    31 |    34 |    69 ||   134
